 Dungeon Crawl Stone Soup version 0.23.1 (webtiles) character file.

Game seed: 6908894514576177891

74 kae the Conjurer (level 4, -3/27 HPs)
             Began as an Octopode Conjurer on Mar 19, 2019.
             Slain by a worm (12 damage)
             ... on level 2 of the Dungeon.
             The game lasted 00:01:48 (1925 turns).

kae the Conjurer (Octopode Conjurer)                Turns: 1925, Time: 00:01:49

Health: -3/27      AC:  1    Str:  7    XL:     4   Next: 30%
Magic:  4/7        EV: 14    Int: 18    God:
Gold:   192        SH:  0    Dex: 12    Spells: 2/8 levels left

rFire    . . .     SeeInvis .   l - +0 flail (protect)
rCold    . . .     Gourm    .   (no shield)
rNeg     . . .     Faith    .   (helmet restricted)
rPois    .         Spirit   .   (no amulet)
rElec    .         Reflect  .   (no ring)
rCorr    .         Harm     .   (no ring)
MR       .....                  (no ring)
Stlth    +++.......             (no ring)
HPRegen  0.09/turn              (no ring)
MPRegen  0.10/turn              (no ring)
                                (no ring)
                                (no ring)

@: very slightly contaminated
A: almost no armour, stealthy swim, amphibious, 8 rings, constrict 8, camouflage
1, gelatinous body 1
a: no special abilities


You were on level 2 of the Dungeon.
You were not hungry.

You visited 1 branch of the dungeon, and saw 2 of its levels.

You collected 192 gold pieces.

Inventory:

Hand Weapons
 c - a +0 hand axe
 l - a +0 flail of protection (weapon)
Wands
 f - a wand of random effects (15)
Scrolls
 e - a scroll of fear
 g - a scroll of fog
 i - a scroll of amnesia {unknown}
 j - 3 scrolls of teleportation
 k - a scroll of enchant armour {unknown}
 n - 2 scrolls of enchant weapon {unknown}
Potions
 a - a potion of mutation
 d - a potion of degeneration
 h - a potion of curing
 m - a potion of cancellation {unknown}
Comestibles
 b - 5 rations


   Skills:
 + Level 2.8 Dodging
 + Level 3.9 Stealth
 + Level 2.6 Spellcasting
 + Level 4.4 Conjurations


You had 2 spell levels left.
You knew the following spells:

 Your Spells              Type           Power        Failure   Level  Hunger
a - Magic Dart            Conj           ###.         2%          1    #......
b - Searing Ray           Conj           ###...       4%          2    ##.....
c - Dazzling Spray        Conj/Hex       ##....       21%         3    ###....

Your spell library contained the following spells:

 Spells                   Type           Power        Failure   Level  Hunger
 Iskenderun's Mystic Bla  Conj           ###.....     26%         4    #####..
 Force Lance              Conj/Tloc      ##......     56%         4    #####..
 Fulminant Prism          Conj/Hex       ##........   56%         4    #####..


Dungeon Overview and Level Annotations

Branches:
Dungeon (2/15)

Altars:


Innate Abilities, Weirdness & Mutations

You cannot wear most types of armour.
You are very stealthy in the water. (Stealth+)
You are amphibious.
You can wear up to eight rings at the same time.
You can use your tentacles to constrict eight enemies at once.
Your skin changes colour to match your surroundings (Stealth+).
Your rubbery body absorbs attacks. (AC +1, EV +1)


Message History

The magic dart hits the worm.
The worm is lightly wounded.
You constrict the worm.
Casting: Magic Dart (safe; 2% risk of failure)
Confirm with . or Enter, or press ? or * to list all spells.
Aiming: Magic Dart (safe; 2% risk of failure)
Press: ? - help, Shift-Dir - straight line, f/p - worm
Aim: a worm (lightly wounded, constricted by you)
The magic dart hits the worm.
The worm is heavily wounded.
You constrict the worm. The worm bites you!
Casting: Magic Dart (safe; 2% risk of failure)
Confirm with . or Enter, or press ? or * to list all spells.
Aiming: Magic Dart (safe; 2% risk of failure)
Press: ? - help, Shift-Dir - straight line, f/p - worm
Aim: a worm (heavily wounded, constricted by you)
You miscast Magic Dart.
You are very lightly contaminated with residual magic.
Nothing appears to happen.
You constrict the worm. The worm bites you!
You die...

.###.#.#.#.##.##.###...#
#...#...
...#.#.#.#.....#.#
#...#######...
##.#.#.#.#######.#
##......#####.
##.#.#.#.......#.#
#............
'..#.#.#######.#.#
#.........### ####.#.#
#.#.# #.........# # #
#.#.# #.#.#
#######'##### #.#.#
#.#w# #...... #.#.#
#####.#@# #...... #.#.#
#.....#.# ##..... #.#.#
#.....#.# ###### #.#.#
#.....#.# #.#.#
#....(#?# #.#.#
#....##.# #.#.#
#....##.#
#.#.#####'###.#
####.#...........#


You could see a worm.

Vanquished Creatures
  An adder (D:2)
  3 oozes
  4 dart slugs (D:1)
  A leopard gecko (D:2)
  3 giant cockroaches
  11 goblins
  5 hobgoblins
  2 jackals (D:2)
  2 bats (D:1)
  4 frilled lizards
  A kobold (D:1)
  3 rats
40 creatures vanquished.

Notes
Turn   | Place    | Note
-------+----------+-------------------------------------------
     0 | D:1      | kae the Octopode Conjurer began the quest for the Orb.
     0 | D:1      | Reached XP level 1. HP: 11/11 MP: 3/3
   123 | D:1      | Reached XP level 2. HP: 14/17 MP: 5/5
   390 | D:1      | Reached XP level 3. HP: 20/21 MP: 6/6
   411 | D:1      | Learned a level 2 spell: Searing Ray
   415 | D:1      | Learned a level 3 spell: Dazzling Spray
  1280 | D:2      | Reached XP level 4. HP: 27/27 MP: 7/7
  1925 | D:2      | Slain by a worm

Skill      XL: |  1 |
---------------+----+-----
Stealth        | 3 |  3.9
Dodging        | |  2.8
Spellcasting   | |  2.6
Conjurations   | |  4.4

Action                   |  1- 3 |  4- 6 || total
-------------------------+-------+-------++-------
Melee: Unarmed           |     6 |       ||     6
       Tentacles         |    12 |     6 ||    18
       Hand axe          |    54 |    13 ||    67
       Constrict         |    18 |     8 ||    26
       Flail             |       |     6 ||     6
 Cast: Magic Dart        |    17 |     4 ||    21
  Use: Scroll            |     7 |       ||     7
 Stab: Sleeping          |     9 |     3 ||    12
  Eat: Chunk             |     1 |     2 ||     3
Armor: Skin              |     7 |     1 ||     8
Dodge: Dodged            |    36 |    10 ||    46
